 Dungeon Crawl Stone Soup version 0.27-a0-1434-g6f15984924 (webtiles) character file.

Game seed: 11035344647443469284

144 Brandom the Insei (level 5, -1/42 HPs)
             Began as an Octopode Transmuter on July 2, 2021.
             Was a Believer of Dithmenos.
             Slain by Grinder (3 damage)
             ... on level 4 of the Dungeon.
             The game lasted 00:07:44 (3331 turns).

Brandom the Insei (Octopode Transmuter)             Turns: 3331, Time: 00:07:45

Health: -1/42      AC:  5    Str: 15    XL:     5   Next: 27%
Magic:  1/8        EV: 10    Int: 16    God:    Dithmenos [**....]
Gold:   177        SH:  0    Dex: 13    Spells: 0/8 levels left

rFire    x . .     SeeInvis .     - Unarmed
rCold    + + +     Faith    .   (shield currently unavailable)
rNeg     . . .     Spirit   .   (helmet currently unavailable)
rPois    +         Reflect  .   (no amulet)
rElec    .         Harm     .   b - ring of poison resistance
rCorr    .         Rampage  .   j - +6 ring of strength
Will     .....                  (no ring)
Stlth    ++........             (no ring)
HPRegen  0.14/turn              (no ring)
MPRegen  0.11/turn              (no ring)
                                (no ring)
                                (no ring)

@: ice-form, wreathed by umbra
A: freezing attack, boosted hp, almost no armour, amphibious, 8 rings, large,
(camouflage 1), (gelatinous body 1), (nimble swimmer 1), (tentacles), mutation
resistance 1, noise suppression
a: End Transformation, Renounce Religion, Shadow Step


You were on level 4 of the Dungeon.
You worshipped Dithmenos.
Dithmenos was pleased with you.
You were a creature of crystalline ice.
You visited 1 branch of the dungeon, and saw 4 of its levels.

You collected 177 gold pieces.

Inventory:

Hand Weapons
 o - a +0 short sword (melded)
   (You took it off a kobold on level 4 of the Dungeon)
Jewellery
 b - a ring of poison resistance (left front paw)
   (You found it on level 1 of the Dungeon)
 j - a +6 ring of strength (right front paw)
   (You found it on level 3 of the Dungeon)
 m - a ring of magical power
   (You found it on level 4 of the Dungeon)
Scrolls
 d - 3 scrolls of noise {!r}
 g - a scroll of magic mapping
 h - 2 scrolls of brand weapon
 i - a scroll of amnesia {unknown}
 l - a scroll of fear {unknown}
 n - a scroll of immolation {unknown}
 p - a scroll of enchant weapon {unknown}
Potions
 a - 3 potions of brilliance
 c - 3 potions of curing {unknown}
 e - 2 potions of degeneration {!q}
 f - 2 potions of heal wounds {unknown}
 k - a potion of flight {unknown}


   Skills:
 * Level 2.5 Fighting
 + Level 2.4 Dodging
 + Level 1.9 Stealth
 + Level 3.5 Unarmed Combat
 + Level 2.4 Spellcasting
 + Level 2.5 Transmutations
 + Level 0.0 Ice Magic
 + Level 1.1 Poison Magic
 + Level 1.1 Invocations


You couldn't memorise any spells.
You knew the following spells:

 Your Spells              Type           Power      Damage    Failure   Level
a - Beastly Appendage     Tmut           20%        N/A       7%          1
b - Ice Form              Ice/Tmut       6%         N/A       75%         4
x - Spider Form           Tmut/Pois      3%         N/A       28%         3

Your spell library contained the following spells:

 Spells                   Type           Power      Damage    Failure   Level
 Wereblood                Tmut           10%        N/A       11%         2
 Petrify                  Tmut/Erth      6%         N/A       75%         4
 Malign Gateway           Summ/Tloc      0%         N/A       100%        7
 Necromutation            Tmut/Necr      3%         N/A       100%        8


Dungeon Overview and Level Annotations

Branches:
Dungeon (4/15)
 Temple: D:4-7

Altars:
Ashenzari
Dithmenos
Hepliaklqana
Okawaru
Ru
Sif Muna
Uskayaw
Yredelemnul

Annotations:
D:4 Grinder


Innate Abilities, Weirdness & Mutations

You are a creature of crystalline ice.
You have a powerful freezing melee attack.
Your maximum health is increased.
Your armour is entirely melded.
You are incapable of wielding weapons or throwing items.
You cannot wear most types of armour.
You are amphibious.
You can wear up to eight rings at the same time.
((Your skin changes colour to match your surroundings (Stealth+).))
((Your rubbery body absorbs attacks. (AC +1, EV +1)))
((You are camouflaged near water. (Stealth+)))
((You have tentacles for arms and can constrict up to eight enemies at once.))
You are somewhat resistant to further mutation.
You passively dampen the noise of your surroundings.


Message History

The jackal completely misses you.
You bite the jackal!
You kill the jackal!
Dithmenos accepts your kill.
You hit the howler monkey zombie.
The howler monkey zombie closely misses you.
You bite the howler monkey zombie!
The howler monkey zombie completely misses you.
You bite the howler monkey zombie! You hit the goblin.
The goblin is poisoned.
You hit the goblin.
You kill the goblin!
Dithmenos accepts your kill.
You hit the howler monkey zombie.
You destroy the howler monkey zombie!
Dithmenos accepts your kill.
No target in view!
Unknown command.
Your transformation has ended.
Your +0 short sword unmelds from your body.
Things that are here:
a +0 club; a jackal corpse; a jackal corpse Grinder is nearby!
The spell is potentially lethal to cast (75% risk of failure)!
Continue anyway?
You turn into a creature of crystalline ice.
Your +0 short sword melds into your body.
Grinder says, "Don't move a muscle."
Grinder blinks!
Grinder says, "Make like a tree!"
Grinder gestures at you. Pain shoots through your body!
You punch Grinder! Grinder hits you!
* * * LOW HITPOINT WARNING * * *
Unknown command.
You closely miss Grinder. Grinder hits you.
* * * LOW HITPOINT WARNING * * *
You writhe in agony.
* * * LOW HITPOINT WARNING * * *
You barely miss Grinder.
Grinder blinks!
Grinder blinks!
Aim: Grinder (moderately wounded) Out of range.
Okay, then.
Grinder blinks!
Grinder says, "Just stop there for a second..."
Aim: Grinder (moderately wounded, umbra)
You step into Grinder's shadow.
Grinder hits you!
* * * LOW HITPOINT WARNING * * *
You writhe in agony.
You die...

#.......# .#.......# .
.........###### ..
#............ ...###[..........
# .##..........#.# #
.§....†........# #
#.<........## ####
##.....Y....#########<..
####.5.................
#...##.#............
##......####........ #......#
#....>..#.
###......###.......#.
###....................
#....#.................
#########)............#.......#


You could see Grinder.

Vanquished Creatures
  Jessica (D:2)
  A howler monkey zombie (D:4)
  3 adders
  2 worms
  2 orcs (D:3)
  6 ball pythons
  2 bats
  6 endoplasms
  A giant cockroach (D:3)
  5 goblins
  7 hobgoblins
  13 jackals
  6 kobolds
  3 quokkas
  3 frilled lizards
  4 rats
65 creatures vanquished.

Notes
Turn   | Place    | Note
-------+----------+-------------------------------------------
     0 | D:1      | Brandom the Octopode Transmuter began the quest for the
                  | Orb.
     0 | D:1      | Reached XP level 1. HP: 13/13 MP: 3/3
   224 | D:1      | Reached XP level 2. HP: 18/18 MP: 5/5
   283 | D:1      | Found a faded altar of an unknown god.
   300 | D:1      | Became a worshipper of Dithmenos the Shadowed
   300 | D:1      | Reached * piety under Dithmenos
   691 | D:1      | Reached XP level 3. HP: 21/24 MP: 6/6
   969 | D:2      | Learned a level 3 spell: Spider Form
   982 | D:2      | Noticed Jessica
   992 | D:2      | Killed Jessica
  1147 | D:2      | Got the Almanac of Supportive Transformation
  1193 | D:2      | Reached skill level 1 in Stealth
  1193 | D:2      | Reached XP level 4. HP: 26/29 MP: 7/7
  1511 | D:2      | You fall into a shaft and drop 1 floor!
  1803 | D:2      | Reached ** piety under Dithmenos
  2274 | D:3      | Reached skill level 1 in Poison Magic
  2439 | D:3      | You fall into a shaft and drop 1 floor!
  2439 | D:4      | Found a shimmering blue altar of Sif Muna.
  2439 | D:4      | Found a sacrificial altar of Ru.
  2439 | D:4      | Found a hazy altar of Hepliaklqana.
  2439 | D:4      | Found a hide-covered altar of Uskayaw.
  2439 | D:4      | Found a basalt altar of Yredelemnul.
  2439 | D:4      | Found an iron altar of Okawaru.
  2594 | D:3      | Reached XP level 5. HP: 34/35 MP: 8/8
  2599 | D:3      | Learned a level 4 spell: Ice Form
  2733 | D:3      | Reached skill level 1 in Invocations
  2793 | D:3      | Found a broken altar of Ashenzari.
  3023 | D:4      | Gained mutation: You passively dampen the noise of your
                  | surroundings. [potion of mutation]
  3023 | D:4      | Gained mutation: You are somewhat resistant to further
                  | mutation. [potion of mutation]
  3258 | D:4      | Noticed Grinder
  3331 | D:4      | HP: 2/42 [Grinder (8)]
  3331 | D:4      | Slain by Grinder

Illustrated notes

Levels and vault maps discovered:
D:1:      minmay_arrival_cross, layout_loops_ring,
          chequers_ecumenical_altar_simple_redux
D:2:      layout_basic, uniq_jessica
D:3:      layout_loops_ring, lemuel_round_altar
D:4:      layout_rooms, grunt_temple_overflow_open,
          lemuel_coloured_pillars_altar, uniq_grinder, uniq_crazy_yiuf_cottage

Skill      XL: |  1  2  3  4  5 |
---------------+----------------+-----
Fighting       | 2 |  2.5
Stealth        | 1 |  1.9
Poison Magic   | 1 |  1.1
Invocations    | 1 |  1.1
Dodging        | |  2.4
Unarmed Combat | |  3.5
Spellcasting   | |  2.4
Transmutations | |  2.5

Action                   |  1- 3 |  4- 6 || total
-------------------------+-------+-------++-------
Melee: Unarmed           |    62 |   101 ||   163
       Constrict         |    13 |    22 ||    35
       Punch             |     2 |     2 ||     4
       Tentacles         |    11 |    18 ||    29
       Kick              |     1 |     3 ||     4
       Short sword       |       |    13 ||    13
 Cast: Beastly Appendage |     1 |     3 ||     4
       Spider Form       |     1 |     1 ||     2
       Ice Form          |       |     1 ||     1
Invok: Shadow Step       |       |     1 ||     1
  Use: Scroll            |       |     6 ||     6
       Potion            |       |     1 ||     1
 Stab: Sleeping          |    12 |     5 ||    17
       Distracted        |       |     1 ||     1
Armor: Skin              |     4 |     2 ||     6
Dodge: Dodged            |    43 |    87 ||   130

Table legend: (Time is in decaauts)
 A = Elapsed time spent in this place.
 B = Non-inter-level travel time spent in this place.
 C = Inter-level travel time spent in this place.
 D = Time resting spent in this place.
 E = Time spent auto-exploring this place.
 F = Levels seen in this place.
 G = Mean time per level.
                   A        B        C        D        E       F      G
               +--------+--------+--------+--------+--------+-----+--------+
         Total |   3322 |   3262 |     60 |      0 |   2729 |   4 |  830.5 |
       Dungeon |   3322 |   3262 |     60 |      0 |   2729 |   4 |  830.5 |
               +--------+--------+--------+--------+--------+-----+--------+

Top non-repeatable levels by time:
     D:3: 1031 daAuts
     D:2: 978 daAuts
     D:1: 943 daAuts
     D:4: 369 daAuts
